 Dungeon Crawl Stone Soup version 0.28-a0-1613-gdaab1c2f9b (webtiles) character file.

Game seed: 11749055009026953349

1 Armakuni the Insei (level 1, 0/15 HPs)
             Began as a Human Transmuter on Jan 21, 2022.
             Slain by a kobold (5 damage)
             ... on level 1 of the Dungeon.
             The game lasted 00:00:31 (94 turns).

Armakuni the Insei (Human Transmuter)                 Turns: 94, Time: 00:00:31

Health: 0/15       AC:  2    Str:  7 (10) XL:     1   Next: 22%
Magic:  2/3        EV: 12    Int: 11 (13) God:
Gold:   11         SH:  0    Dex: 12 (13) Spells: 3/4 levels left

rFire   . . .      SeeInvis .     - Unarmed
rCold   . . .      Faith    .   (no shield)
rNeg    . . .      Spirit   .   a - +0 robe
rPois   .          Reflect  .   (helmet currently unavailable)
rElec   .          Harm     .   (no cloak)
rCorr   .          Rampage  .   (no gloves)
Will    .....                   (boots currently unavailable)
Stlth   +.........              (no amulet)
HPRegen 0.05/turn               (no ring)
MPRegen 0.08/turn               (no ring)

@: appendages (expiring)
A: horns 2, talons 2
a: End Transformation


You were on level 1 of the Dungeon.
You had temporarily grown beastly horns and talons.
You visited 1 branch of the dungeon, and saw 1 of its levels.

You collected 11 gold pieces.

Inventory:

Armour
 a - a +0 robe (worn)
 c - an orb of energy


   Skills:
 + Level 1.2 Fighting
 - Level 2.0 Dodging
 - Level 3.0 Unarmed Combat
 - Level 2.0 Spellcasting
 - Level 2.0 Transmutations


You had 3 spell levels left.
You knew the following spells:

 Your Spells              Type           Power      Damage    Failure   Level
a - Beastly Appendage     Tmut           10%        N/A       13%         1

Your spell library contained the following spells:

 Spells                   Type           Power      Damage    Failure   Level
 Wereblood                Tmut           5%         N/A       19%         2
 Animate Skeleton         Necr           2%         N/A       28%         1
 Pain                     Necr           4%         1d4       28%         1
 Spider Form              Tmut/Pois      3%         N/A       50%         3
 Vampiric Draining        Necr           1%         2d6       65%         3
 Ice Form                 Ice/Tmut       3%         N/A       88%         4


Dungeon Overview and Level Annotations

Branches:
Dungeon (1/15)

Altars:


Innate Abilities, Weirdness & Mutations

You have temporarily grown beastly horns and talons.


Message History

c - an orb of energy You pick up a book of Necromancy and begin reading...
You add the spells Pain, Animate Skeleton and Vampiric Draining to your library.
An endoplasm comes into view.
Casting: Beastly Appendage (safe; 11% risk of failure)
Press: ? - help, Q - select action Dir - look around, f - activate You grow a pair of large bovine horns.
Your feet morph into talons.
The endoplasm quivers.
You hit the endoplasm. You punch the endoplasm.
You kill the endoplasm!
Your horns disappear.
Your talons disappear.
Magic restored.
You now have 11 gold pieces.
A kobold comes into view. It is wielding a +0 short sword.
Casting: Beastly Appendage (safe; 11% risk of failure)
Press: ? - help, Q - select action Dir - look around, f - activate You grow a pair of large bovine horns.
Your feet morph into talons.
The kobold shouts!
The kobold hits you but does no damage.
You closely miss the kobold.
A quokka comes into view.
The kobold hits you with a +0 short sword.
You hit the kobold but do no damage. Your headbutt misses the kobold.
The kobold hits you with a +0 short sword.
You are too injured to fight recklessly!
You hit the kobold but do no damage.
The kobold hits you with a +0 short sword.
You hit the kobold but do no damage. Your kick misses the kobold.
Your transformation is almost over.
The kobold barely misses you.
It was a potion of degeneration.
There was something very wrong with that liquid.
You feel weakened.
You feel dopey.
You feel clumsy. The kobold misses you.
You closely miss the kobold. You claw the kobold, but do no damage.
Your headbutt misses the kobold. You hit the kobold.
You claw the kobold, but do no damage.
The kobold is heavily wounded.
The kobold hits you with a +0 short sword.
You die...

## # .. #. #.
..##. ...
#.##########
#rK@.......#
##########.#
##.## ##...##
#.....# ###...##
##.##.##
####...#.########
+................


You could see a quokka and a kobold.

Vanquished Creatures
  An endoplasm (D:1)
1 creature vanquished.

Notes
Turn   | Place    | Note
-------+----------+-------------------------------------------
     0 | D:1      | Armakuni the Human Transmuter began the quest for the Orb.
     0 | D:1      | Reached XP level 1. HP: 15/15 MP: 3/3
    94 | D:1      | Slain by a kobold

Illustrated notes

Levels and vault maps discovered:
D:1:      dpeg_arrival_three_bigger_balls, layout_loops_corners,
          shapermc_ecumenical_altar_gd, chequers_serial_rivers_small_a

Action                   || total
-------------------------++-------
Melee: Unarmed           ||     7
       Kick              ||     2
       Punch             ||     1
 Cast: Beastly Appendage ||     2
  Use: Potion            ||     1
Armor: Robe              ||     1
Dodge: Dodged            ||     2

Table legend: (Time is in decaauts)
 A = Elapsed time spent in this place.
 B = Non-inter-level travel time spent in this place.
 C = Inter-level travel time spent in this place.
 D = Time resting spent in this place.
 E = Time spent auto-exploring this place.
 F = Levels seen in this place.
 G = Mean time per level.
                   A        B        C        D        E       F      G
               +--------+--------+--------+--------+--------+-----+--------+
         Total |     93 |     93 |      0 |      0 |     58 |   1 |   93.0 |
       Dungeon |     93 |     93 |      0 |      0 |     58 |   1 |   93.0 |
               +--------+--------+--------+--------+--------+-----+--------+

Top non-repeatable levels by time:
     D:1: 93 daAuts
